 Dungeon Crawl Stone Soup version 0.23-a0-32-g1388f29 (console) character file.

877 removed the Magician (level 7, 0/60 HPs)
             Began as a Demigod Summoner on Aug 4, 2018.
             Slain by a gnoll sergeant
             ... wielding a +0 spear
              (11 damage)
             ... on level 6 of the Dungeon.
             The game lasted 00:13:52 (6013 turns).

removed the Magician (Demigod Summoner)             Turns: 6013, Time: 00:13:53

Health: 0/60       AC:  4    Str: 11    XL:     7   Next: 46%
Magic:  7/17       EV: 14    Int: 23    God:
Gold:   262        SH:  0    Dex: 16    Spells: 10/16 levels left

rFire    . . .     SeeInvis .   a - +4 mace
rCold    + . .     Gourm    .   (no shield)
rNeg     . . .     Faith    .   d - +0 robe
rPois    +         Spirit   .   u - +0 helmet
rElec    .         Reflect  .   (no cloak)
rCorr    .         Harm     .   e - +0 pair of gloves
MR       .....                  (no boots)
Stlth    ++........             (no amulet)
HPRegen  0.20/turn              y - ring of poison resistance
MPRegen  0.15/turn              P - ring of protection from cold

@: no status effects
A: high mp 1
a: no special abilities


You were on level 6 of the Dungeon.
You were not hungry.

You visited 1 branch of the dungeon, and saw 6 of its levels.
You also visited: Sewer.

You collected 262 gold pieces.

Inventory:

Hand Weapons
 a - a +4 mace (weapon)
 b - a +0 short sword of venom
 h - a +0 dagger
 k - a +0 spear
 G - a +0 trident
Armour
 d - a +0 robe (worn)
 e - a +0 pair of gloves (worn)
 o - a cursed +0 buckler
 u - a +0 helmet (worn)
Jewellery
 y - a ring of poison resistance (left hand)
 P - a ring of protection from cold (right hand)
Wands
 L - a wand of acid (11)
 N - a wand of digging (16)
Scrolls
 l - 4 scrolls of enchant armour {unknown}
 p - 6 scrolls of teleportation {unknown}
 t - a scroll of random uselessness {unknown}
 B - a scroll of magic mapping {unknown}
 C - a scroll of immolation {unknown}
 D - a scroll of fear {unknown}
 H - 2 scrolls of noise {unknown}
 K - a scroll of remove curse
 Q - a scroll of amnesia {unknown}
Potions
 i - 2 potions of invisibility
 m - a potion of agility
 n - 3 potions of heal wounds
 q - a potion of magic
 w - 5 potions of curing
 z - a potion of brilliance
 E - a potion of ambrosia
 F - a potion of haste {unknown}
 J - a potion of mutation {unknown}
 M - 3 potions of flight {unknown}
Comestibles
 c - 10 rations


   Skills:
 + Level 4.3 Fighting
 - Level 4.1 Dodging
 - Level 1.8 Stealth
 - Level 5.0 Spellcasting
 - Level 4.0 Summonings


You had 10 spell levels left.
You knew the following spells:

 Your Spells              Type           Power        Failure   Level  Hunger
a - Summon Small Mammal   Summ           ###.         1%          1    None
b - Call Imp              Summ           ###.....     2%          2    None
c - Call Canine Familiar  Summ           ###.....     5%          3    ##.....

Your spell library contained the following spells:

 Spells                   Type           Power        Failure   Level  Hunger
 Confuse                  Hex            #.......     28%         3    ##.....
 Summon Ice Beast         Ice/Summ       ##......     38%         4    ####...
 Tukima's Dance           Hex            #.......     28%         3    ##.....
 Ensorcelled Hibernation  Hex/Ice        #.....       14%         2    None
 Corona                   Hex            #......      10%         1    None
 Dazzling Spray           Conj/Hex       #.....       28%         3    ##.....
 Summon Lightning Spire   Summ/Air       ##......     38%         4    ####...
 Summon Guardian Golem    Hex/Summ       ##......     12%         3    ##.....


Dungeon Overview and Level Annotations

Branches:
Dungeon (6/15)             Temple (0/1) D:6


Innate Abilities, Weirdness & Mutations

You have an increased reservoir of magic. (+10% MP)


Message History

You are too injured to fight recklessly!
Unknown command.
Unknown command.
Unknown command.
You barely miss the gnoll sergeant.
Your crimson imp disappears in a puff of smoke!
Your bat completely misses the orc.
Your quokka bites the gnoll sergeant but does no damage.
The gnoll hits you from afar with a spear.
The gnoll sergeant hits you with a spear!
* * * LOW HITPOINT WARNING * * *
The orc misses your crimson imp.
Your crimson imp hits the gnoll.
Your crimson imp blinks!
The gnoll hits you with a flail!
* * * LOW HITPOINT WARNING * * *
The gnoll sergeant blocks your quokka's attack.
The gnoll barely misses you.
Your hound bites the gnoll sergeant but does no damage.
The gnoll sergeant hits you with a spear!
You die...

#........# ###....#
#........###...#..#####
#........##..###.###...
#........##.###..# #>..
#....(...##.# #.## #...
#####>#.....###.####...
#.......#####.....##...
#......r.# #..........
#.....@g.# #.....#....
#...§.hgg####........##
#..5..5o.o..#######....
#........§.5..## #####
#.......b.o.....# #
#...........o...# .
#...........o...####...
...)...........!......
....................#


You could see a gnoll sergeant, an orc wizard, 2 gnolls, 4 orcs, a friendly
hound, 3 friendly crimson imps, a friendly quokka and a friendly bat.

Vanquished Creatures
  A phantom (D:4)
  2 bullfrogs
  A scorpion (D:5)
  2 howler monkeys (D:4)
  A bullfrog zombie (D:5)
  An orc priest (D:5)
  A jelly (D:6)
  A gnoll (D:6)
  6 adders
  A river rat (Sewer)
  2 oozes
  3 dart slugs
  2 leopard geckos
  8 orcs
  9 goblins
  4 hobgoblins
  6 jackals
  9 kobolds
  2 quokkas
  3 ball pythons
  10 bats
  A frilled lizard (D:2)
  12 rats
88 creatures vanquished.

Vanquished Creatures (collateral kills)
  A black bear (D:6)
  An ice beast (D:6)
  2 ogres
  A big kobold (Sewer)
  A jelly (D:3)
  An orc wizard (D:5)
  2 worker ants
  2 gnolls (D:6)
  A howler monkey skeleton (D:5)
  An adder (D:2)
  An adder skeleton (D:5)
  A worm (D:3)
  A leopard gecko (D:6)
  An orc (D:5)
  2 giant cockroaches
  A goblin (D:1)
  2 kobolds
22 creatures vanquished.

Grand Total: 110 creatures vanquished

Notes
Turn   | Place    | Note
-------+----------+-------------------------------------------
     0 | D:1      | removed the Demigod Summoner began the quest for the Orb.
     0 | D:1      | Reached XP level 1. HP: 14/14 MP: 5/5
   411 | D:1      | Reached XP level 2. HP: 16/20 MP: 4/7
   510 | D:1      | Reached skill level 2 in Spellcasting
  1103 | D:2      | Learned a level 2 spell: Call Imp
  1114 | D:2      | You fall through a shaft!
  1292 | D:2      | Reached XP level 3. HP: 25/26 MP: 9/9
  1772 | D:2      | Reached skill level 3 in Spellcasting
  2148 | D:3      | Reached skill level 1 in Fighting
  2151 | D:3      | Reached XP level 4. HP: 20/35 MP: 6/11
  3197 | D:4      | Learned a level 3 spell: Call Canine Familiar
  3411 | D:4      | Reached XP level 5. HP: 45/45 MP: 8/12
  3550 | D:4      | Noticed a phantom
  3578 | D:4      | Killed a phantom
  3876 | D:4      | Found a hazy altar of Hepliaklqana.
  3876 | D:4      | Found a radiant altar of Vehumet.
  4121 | D:5      | Entered Level 5 of the Dungeon
  4133 | D:5      | Noticed an ogre
  4149 | D:5      | Killed an ogre
  4235 | D:5      | Reached XP level 6. HP: 15/51 MP: 12/15
  4380 | D:5      | Reached skill level 4 in Spellcasting
  4440 | D:5      | Found a glowing drain.
  4493 | Sewer    | Entered a sewer
  4920 | Sewer    | Found a white marble altar of Elyvilon.
  5595 | D:5      | Reached XP level 7. HP: 32/59 MP: 13/16
  5836 | D:6      | Reached skill level 5 in Spellcasting
  5990 | D:6      | Found a staircase to the Ecumenical Temple.
  6013 | D:6      | Slain by a gnoll sergeant

Vault maps used:
D:1:      kennysheep_arrival_seaside
D:2:      wad_lake_hut, minmay_stone_trees_medium
D:4:      gammafunk_temple_overflow_wave, first_ration
D:5:      portal_sewer_entry_a
D:6:      minmay_temple_entry_glass
Sewer:    sewer_kobolds

Skill      XL: |  1  2  3  4  5  6  7 |
---------------+----------------------+-----
Summonings     | 4 |  4.0
Spellcasting   | 2 3 4 5 |  5.0
Fighting       | 1 3 4 |  4.3
Dodging        | 3 4 |  4.1
Stealth        | |  1.8

Action                   |  1- 3 |  4- 6 |  7- 9 || total
-------------------------+-------+-------+-------++-------
Melee: Dagger            |    16 |       |       ||    16
       Mace              |    76 |   134 |    18 ||   228
       Short sword       |       |     9 |       ||     9
 Cast: Summon Small Mamm |    24 |    48 |     8 ||    80
       Call Imp          |     1 |    14 |     6 ||    21
       Call Canine Famil |       |       |     2 ||     2
  Use: Scroll            |     4 |     4 |       ||     8
       Potion            |     2 |     4 |       ||     6
 Stab: Sleeping          |     6 |     3 |     1 ||    10
       Distracted        |       |     1 |     1 ||     2
  Eat: Chunk             |     4 |    11 |     2 ||    17
Armor: Robe              |    27 |    34 |     7 ||    68
       Skin              |       |    26 |       ||    26
Dodge: Dodged            |    74 |   100 |    27 ||   201

Table legend:
 A = Spawn XP
 B = Non-spawn XP
 C = Spawn XP percentage of total XP
 D = Spawn monster count
 E = Non-spawn monster count
 F = Spawn count percentage of total count
 G = Total turns spent on level
                    A         B        C        D         E        F      G
               +---------+---------+-------+---------+---------+-------+---------
         Total |       0 |    1254 |   0.0 |       0 |     110 |   0.0 |  6013
               +---------+---------+-------+---------+---------+-------+---------
           D:1 |       0 |      34 |   0.0 |       0 |      21 |   0.0 |  1094
           D:2 |       0 |      52 |   0.0 |       0 |      22 |   0.0 |   916
           D:3 |       0 |      85 |   0.0 |       0 |      18 |   0.0 |  1027
           D:4 |       0 |     201 |   0.0 |       0 |       9 |   0.0 |  1084
           D:5 |       0 |     415 |   0.0 |       0 |      20 |   0.0 |  1090
           D:6 |       0 |     376 |   0.0 |       0 |       9 |   0.0 |   329
         Sewer |       0 |      91 |   0.0 |       0 |      11 |   0.0 |   473
               +---------+---------+-------+---------+---------+-------+---------
